 Dungeon Crawl Stone Soup version 0.31-a0-265-gcf7e37af1d (webtiles) character file.

Game seed: 18050287513107640376

71 qw the Shooter (level 4, -6/26 HPs)
             Began as a Gargoyle Hexslinger on July 13, 2023.
             Mangled by Sigmund
             ... wielding a +0 scythe
              (9 damage)
             ... on level 2 of the Dungeon.
             The game lasted 00:00:33 (1100 turns).

qw the Shooter (Gargoyle Hexslinger)                Turns: 1100, Time: 00:00:34

Health: -6/26      AC:  8    Str: 12    XL:     4   Next: 24%
Magic:  5/5        EV: 12    Int: 13    God:
Gold:   99         SH:  0    Dex: 14    Spells: 4/5 levels left

rFire   . . .        Y - +1 sling
rCold   . . .        (no shield)
rNeg    + . .        c - +0 robe
rPois   inf          f - +2 helmet
rElec   +            (no cloak)
rCorr   .            (no gloves)
SInv    .            (no boots)
Will    .....        (no amulet)
Stlth   +            (no ring)
HPRegen 0.24/turn    (no ring)
MPRegen 0.09/turn

%: no passive effects
@: no status effects
A: sickness immunity, AC +3, negative energy resistance 1, electricity
resistance, torment resistance 1, petrification resistance
a: no special abilities


You were on level 2 of the Dungeon.
You visited 1 branch of the dungeon, and saw 2 of its levels.

You collected 99 gold pieces.


Innate Abilities, Weirdness & Mutations

You are immune to sickness and miasma.
Your stone body is resilient. (AC +3)
You are immune to poison.
You resist negative energy. (rN+)
You are resistant to electric shocks. (rElec)
You are resistant to unholy torment.
You are immune to petrification.


   Skills:
 - Level 2.0 Fighting
 + Level 4.1 Ranged Weapons
 - Level 1.5 Dodging
 - Level 1.0 Spellcasting
 - Level 2.6 Hexes


You had 4 spell levels left.
You knew the following spells:

 Your Spells              Type           Power      Damage    Failure   Level
a - Slow                  Hex            28%        N/A       10%         1

Your spell library contained the following spells:

 Spells                   Type           Power      Damage    Failure   Level
 Inner Flame              Hex/Fire       4%         N/A       43%         3
 Portal Projectile        Hex/Tloc       8%         N/A       43%         3
 Cause Fear               Hex            3%         N/A       67%         4

Inventory:

Hand Weapons
 Y - a +1 sling (weapon)
Armour
 a - a +0 ring mail
 c - a +0 robe (worn)
 f - a +2 helmet (worn)
Jewellery
 e - a +6 ring of intelligence
Scrolls
 j - a scroll of fog {unknown}
Potions
 b - a potion of resistance {unknown}
 d - 2 potions of heal wounds {unknown}
 g - a potion of might {unknown}
 h - a potion of enlightenment
 i - a potion of brilliance {unknown}

Dungeon Overview and Level Annotations

Branches:
Dungeon (2/15)

Altars:

Annotations:
D:2 Sigmund


Message History

The sling bullet hits the ball python but does no damage.
The ball python is moderately wounded.
The ball python closely misses you. The ball python constricts you.
Something hits you. The ball python closely misses you.
The ball python constricts you. The hobgoblin barely misses you.
You shoot a sling bullet.
The sling bullet barely misses the ball python.
The ball python bites you but does no damage.
The ball python constricts you. Something hits you. The hobgoblin hits you.
You shoot a sling bullet.
The sling bullet barely misses the ball python.
The ball python barely misses you. The ball python constricts you.
The hobgoblin barely misses you. Something hits you.
The ball python closely misses you. The ball python constricts you.
You shoot a sling bullet.
The sling bullet completely misses the ball python.
The hobgoblin hits you. The ball python closely misses you.
The ball python constricts you.
You shoot a sling bullet. The sling bullet hits the ball python!
You kill the ball python!
Sigmund appears from thin air!
Reactivating autopickup.
Sigmund hits you but does no damage. The hobgoblin closely misses you.
The hobgoblin hits you but does no damage.
You shoot a sling bullet.
The sling bullet hits the hobgoblin but does no damage.
Sigmund casts a spell.
Sigmund flickers and vanishes!
Deactivating autopickup; reactivate with Ctrl-A.
The hobgoblin hits you but does no damage.
You shoot a sling bullet.
The sling bullet barely misses the hobgoblin.
Something hits you but does no damage. The hobgoblin hits you.
You shoot a sling bullet.
The sling bullet closely misses the hobgoblin.
Something hits you but does no damage. The hobgoblin misses you.
You shoot a sling bullet. The sling bullet hits the hobgoblin.
The hobgoblin is moderately wounded.
The hobgoblin hits you. Something hits you!
You die...

#.#.###...# ... .#
#.#.# ##... ... .#
.#.####.#. ... ##.#
.......... ... .#.#
.#.####..#
7.77..#####.#.####..#
.{7................#
7g.7... ..........
7.@7.### .#####...#
7.77....# #...... 7
77...# ###.#.# 7....#
#.#.# 7....# .....
77...# ##.#.# 77.7..#
####.#..
7777777.7...#
#......#
#.#.7....##.#
#.##.#.#


You could see a hobgoblin.

Vanquished Creatures
  3 adders (D:2)
  4 dart slugs (D:1)
  2 endoplasms (D:1)
  A giant cockroach (D:2)
  6 goblins
  3 hobgoblins
  A quokka (D:1)
  4 ball pythons
  5 bats
  A frilled lizard (D:2)
  3 kobolds (D:1)
  6 rats
39 creatures vanquished.

Notes
Turn   | Place    | Note
-------+----------+-------------------------------------------
     0 | D:1      | qw the Gargoyle Hexslinger began the quest for the Orb.
     0 | D:1      | Reached XP level 1. HP: 12/12 MP: 2/2
     0 | D:1      | 0 ||| qw: Version: 0.3-a-52-g30416fa
     0 | D:1      | 0 ||| qw: Game counter: 7634
     0 | D:1      | 0 ||| qw: Melee chars always use a shield: true
     0 | D:1      | 0 ||| qw: God list: Okawaru
     0 | D:1      | 0 ||| qw: Allow faded altars: false
     0 | D:1      | 0 ||| qw: Do Orc after clearing Dungeon:15 true
     0 | D:1      | 0 ||| qw: Do second Lair branch before Depths: true
     0 | D:1      | 0 ||| qw: Lair rune preference: random
     0 | D:1      | 0 ||| qw: Goals: Normal
     0 | D:1      | 0 ||| PLANNING D:1-11
   101 | D:1      | 101 ||| Stepping ~*~*~tactically~*~*~ (outnumbered).
   108 | D:1      | Reached XP level 2. HP: 10/16 MP: 3/3
   136 | D:1      | 136 ||| FLEEEEING.
   137 | D:1      | 137 ||| FLEEEEING.
   180 | D:1      | Reached skill level 3 in Ranged Weapons
   285 | D:1      | Reached XP level 3. HP: 21/21 MP: 4/4
   717 | D:1      | 717 ||| UPGRADING to +2 helmet.
   722 | D:1      | 722 ||| DROPPING ring of magical power.
   723 | D:1      | 723 ||| READING scroll labelled YNNAMU MAOJ.
   724 | D:1      | 724 ||| READING scroll labelled NAGREI CUDDIEP.
   725 | D:1      | 725 ||| READING 2 scrolls labelled QUIJOSELLE.
   726 | D:1      | 726 ||| DRINKING 2 brown potions.
   727 | D:1      | 727 ||| DROPPING scroll of poison.
   728 | D:1      | 728 ||| DROPPING scroll of immolation.
  1076 | D:2      | Noticed Sigmund
  1081 | D:2      | Reached XP level 4. HP: 26/26 MP: 5/5
  1089 | D:2      | Reached skill level 4 in Ranged Weapons
  1095 | D:2      | HP: 5/26 [hobgoblin (2)]
  1100 | D:2      | HP: 3/26 [hobgoblin (1)]
  1100 | D:2      | Mangled by Sigmund

Levels and vault maps discovered:
D:1:      matt_arrival_grand_opening, layout_basic
D:2:      layout_basic, chequers_ecumenical_altar_grove, uniq_sigmund

Skill      XL: |  1  2  3  4 |
---------------+-------------+-----
Ranged Weapons | 3 4 |  4.1
Fighting       | 2 |  2.0
Dodging        | |  1.5
Spellcasting   | |  1.0
Hexes          | |  2.6

Action                     |  1- 3 |  4- 6 || total
---------------------------+-------+-------++-------
   Fire: Sling             |   118 |    20 ||   138
    Use: Scroll            |     3 |       ||     3
         Potion            |     1 |       ||     1
 Armour: Robe              |    22 |    17 ||    39
  Dodge: Dodged            |    22 |    19 ||    41

Table legend:
 A = Non-vault XP
 B = Vault XP
 C = Vault XP percentage of total XP
 D = Non-vault monster count
 E = Vault monster count
 F = Vault count percentage of total count
                 A         B        C        D         E       F
            +---------+---------+-------+---------+---------+-------
      Total |     102 |       0 |   0.0 |      39 |       0 |   0.0
            +---------+---------+-------+---------+---------+-------
        D:1 |      52 |       0 |   0.0 |      28 |       0 |   0.0
        D:2 |      50 |       0 |   0.0 |      11 |       0 |   0.0
            +---------+---------+-------+---------+---------+-------
